Map: Traitor's Exile

Players

ShadyZero

  • Race: Protoss Protoss
  • Spawn Location: 6:00

deane

  • Race: Terran Terran
  • Spawn Location: 5:00

Metasapien

  • Race: Zerg Zerg
  • League: Platinum
  • Spawn Location: 9:00

Kswiss

  • Race: Protoss Protoss
  • Spawn Location: 12:00

VOD

Have the link to the VOD?

Description

Time

  • Played on: Sept. 17, 2017, 1:37 p.m.
  • Length: 13:58
Show
View Real Time Build Order
Export as new Build Order

ShadyZero Protoss 

Build Orders: 1 Gate Expand 

Get SALT Encoding   

  12  0:02  Probe (Chrono Boost)  
  13  0:13  Probe (Chrono Boost)  
  14  0:18  Pylon  
  14  0:24  Probe (Chrono Boost)  
  15  0:36  Probe (Chrono Boost)  
  15  0:39  Gateway  
  16  0:48  Probe (Chrono Boost)  
  17  0:59  Probe (Chrono Boost)  
  18  1:05  Pylon  
  18  1:10  Probe (Chrono Boost)  
  19  1:13  Assimilator  
  19  1:27  Probe (Chrono Boost)  
  19  1:32  Nexus  
  20  1:47  Probe (Chrono Boost)  
  21  1:58  Probe (Chrono Boost)  
  22  2:06  Forge  
  23  2:08  Probe (Chrono Boost)  
  23  2:19  Probe (Chrono Boost)  
  24  2:24  Cybernetics Core  
  24  2:27  Assimilator  
  24  2:29  Probe (Chrono Boost)  
  25  2:40  Probe (Chrono Boost)  
  26  2:51  Probe (Chrono Boost)  
  27  2:53  Pylon  
  27  2:58  Photon Cannon  
  27  3:00  Stalker (Chrono Boost)  
  29  3:20  Photon Cannon  
  29  3:21  Probe  
  29  3:22  Probe  
  31  3:32  Probe  
  32  3:54  Stalker (Chrono Boost)  
  34  4:04  Probe  
  34  4:05  Probe, Pylon  
  34  4:07  Pylon  
  36  4:12  Pylon  
  36  4:15  Probe  
  37  4:18  Probe  
  37  4:23  Stalker (Chrono Boost)  
  40  4:28  Pylon  
  40  4:34  Photon Cannon  
  40  4:37  Photon Cannon x2  
  40  4:38  Probe  
  40  4:39  Probe  
  40  4:40  Photon Cannon  
  40  4:45  Nexus  
  42  4:53  Probe, Photon Cannon  
  42  4:54  Probe  
  44  5:00  Photon Cannon  
  44  5:03  Probe  
  44  5:06  Probe  
  46  5:20  Photon Cannon  
  46  5:30  Stalker (Chrono Boost)  
  46  5:33  Probe  
  46  5:34  Probe  
  50  5:37  Assimilator  
  50  5:41  Assimilator  
  50  5:43  Probe  
  50  5:46  Probe  
  52  5:54  Probe  
  53  5:58  Probe  
  53  6:00  Pylon  
  53  6:03  Probe  
  54  6:04  Probe  
  56  6:13  Probe x2  
  56  6:15  Probe  
  59  6:25  Probe  
  60  6:56  Stargate  
  60  6:58  Probe  
  60  6:59  Probe, Stargate  
  60  7:00  Probe  
  60  7:01  Stargate  
  63  7:03  Warp Gate  
  63  7:05  Protoss Shields Level 1  
  63  7:11  Pylon  
  63  7:14  Cybernetics Core, Photon Cannon x2, Assimilator  
  63  7:15  Pylon  
  63  7:16  Probe, Photon Cannon  
  63  7:18  Assimilator  
  64  7:31  Stargate  
  51  8:07  Probe x3  
  51  8:09  Void Ray x2 (Chrono Boost)  
  51  8:10  Void Ray (Chrono Boost)  
  66  8:21  Pylon  
  66  8:25  Pylon  
  66  8:26  Pylon  
  66  8:30  Probe x2  
  68  8:40  Pylon  
  66  8:42  Pylon  
  66  8:47  Void Ray (Chrono Boost)  
  66  8:48  Void Ray (Chrono Boost)  
  73  8:53  Void Ray (Chrono Boost)  
  72  9:14  Probe, Fleet Beacon  
  72  9:15  Probe x2  
  75  9:23  Void Ray (Chrono Boost), Protoss Air Weapons Level 1 (Chrono Boost), Protoss Air Armor Level 1 (Chrono Boost)  
  75  9:26  Void Ray (Chrono Boost), Probe  
  75  9:27  Void Ray (Chrono Boost)  
  88  9:39  Probe x3  
  91  9:51  Probe x3  
  94  9:59  Tempest  
  94  10:03  Probe  
  94  10:06  Tempest  
  107  10:17  Robotics Facility  
  107  10:22  Tempest  
  107  10:23  Tempest  
  119  10:35  Photon Cannon  
  119  10:38  Tempest, Photon Cannon  
  119  10:39  Photon Cannon  
  119  10:43  Photon Cannon  
  119  10:44  Photon Cannon  
  125  11:08  Pylon  
  125  11:10  Pylon  
  125  11:16  Pylon  
  125  11:18  Pylon  
  125  11:26  Probe x2, Tempest  
  125  11:27  Protoss Air Weapons Level 2 (Chrono Boost), Protoss Air Armor Level 2 (Chrono Boost)  
  125  11:28  Tempest  
  125  11:29  Observer  
  140  11:34  Tempest  
  146  11:56  Tempest  
  146  12:00  Nexus  
  147  12:01  Observer  
  147  12:02  Pylon  
  147  12:05  Pylon  
  153  12:10  Robotics Bay  
  153  12:25  Pylon  
  153  12:26  Assimilator  
  153  12:32  Assimilator  
  153  12:36  Tempest  
  153  12:41  Tempest x2  
  171  13:18  Probe x2  
  191  13:28  Probe  
  191  13:34  Pylon  
  192  13:37  Pylon  
Show
View Real Time Build Order
Export as new Build Order

deane Terran 

Build Orders: MMM Bio 

Get SALT Encoding   

  12  0:01  SCV  
  13  0:13  SCV  
  14  0:19  Supply Depot  
  14  0:25  SCV  
  15  0:40  SCV  
  15  0:41  Barracks  
  16  0:52  SCV  
  17  1:05  SCV  
  18  1:11  Refinery  
  18  1:16  Barracks  
  18  1:17  SCV  
  19  1:30  Marine  
  20  1:32  Supply Depot  
  20  1:36  Orbital Command  
  20  1:49  Marine  
  21  2:10  SCV  
  21  2:11  Command Center  
  21  2:14  Marine  
  23  2:15  Marine  
  25  2:22  SCV  
  25  2:44  Marine x2  
  25  2:46  SCV  
  28  2:58  SCV  
  29  3:04  Barracks Tech Lab, Barracks Reactor  
  29  3:19  Supply Depot  
  29  3:20  SCV, Supply Depot  
  29  3:21  Refinery  
  30  3:54  Marine x2  
  30  3:55  Marine  
  32  3:57  SCV  
  34  4:04  Orbital Command  
  34  4:09  SCV  
  33  4:12  Marine x2  
  33  4:13  Marine  
  29  4:31  Marine  
  29  4:32  Marine x2  
  29  4:37  SCV  
  29  4:38  SCV  
  34  4:43  Stimpack  
  34  4:50  SCV  
  34  4:51  Marine x2  
  34  4:52  Marine  
  38  4:55  Factory  
  38  5:04  SCV x2  
  38  5:06  Engineering Bay x2  
  40  5:09  Marine x2  
  41  5:36  Marine x3  
  41  5:40  Factory Reactor  
  41  5:42  Terran Infantry Armor Level 1, Starport, Terran Infantry Weapons Level 1  
  44  5:54  Marine x2  
  46  6:04  SCV x2  
  46  6:10  Supply Depot  
  48  6:13  Marine x2  
  48  6:16  SCV  
  48  6:17  SCV  
  48  6:18  Supply Depot  
  41  6:39  Marine  
  41  6:40  Marine x2  
  42  6:57  Marine x2  
  42  6:58  Marauder  
  42  7:00  SCV x2  
  48  7:06  Refinery  
  48  7:12  SCV x2  
  48  7:15  Marine x2  
  50  7:16  Armory  
  50  7:21  Marauder  
  54  7:23  Factory Tech Lab  
  54  7:24  Combat Shields, SCV  
  54  7:33  Marine  
  54  7:44  Marine  
  54  7:47  Marauder  
  54  7:51  Marine  
  56  8:02  Marine  
  56  8:08  Marauder  
  56  8:09  Marine  
  52  8:20  Marine  
  52  8:26  Marine  
  52  8:29  Siege Tank, Medivac x2, Marine  
  60  8:38  Marine  
  56  8:44  Marine  
  56  8:47  Marine  
  58  8:51  SCV x2  
  58  8:52  Refinery  
  60  8:55  Terran Infantry Weapons Level 2  
  60  8:56  Marine  
  60  8:57  Terran Infantry Armor Level 2  
  60  8:59  Medivac x2  
  60  9:00  Supply Depot  
  60  9:01  Siege Tank  
  60  9:02  Marine  
  69  9:03  SCV  
  69  9:06  Marine  
  71  9:24  Marine x3  
  71  9:27  Terran Vehicle Weapons Level 1  
  71  9:30  Supply Depot  
  74  9:33  Siege Tank  
  74  9:36  Barracks  
  74  9:38  Medivac, Barracks  
  79  9:42  Marine x2  
  79  9:43  Marauder  
  83  9:50  Concussive Shells  
  83  9:51  SCV x2  
  85  9:59  Marine  
  85  10:00  Marine  
  85  10:03  SCV x2  
  85  10:06  Marauder  
  91  10:10  Medivac  
  91  10:13  Command Center  
  93  10:17  Marine  
  94  10:25  Supply Depot  
  94  10:26  Supply Depot  
  94  10:27  Supply Depot  
  94  10:28  Barracks Reactor x2, Supply Depot  
  94  10:47  Siege Tank, Marauder, Medivac, SCV x2, Marine x2  
  105  10:59  SCV  
  106  11:04  SCV, Marine  
  106  11:09  Marauder  
  110  11:11  SCV  
  110  11:12  Terran Infantry Weapons Level 3  
  111  11:18  Terran Infantry Armor Level 3  
  111  11:21  Marine x3  
  111  11:22  Marine  
  111  11:23  Marine  
  116  11:30  Marauder  
  118  11:33  Marine  
  118  11:38  Orbital Command  
  118  11:39  Marine  
  120  11:41  SCV  
  121  11:51  Marauder  
  123  11:57  Refinery  
  123  12:00  Refinery  
  123  12:21  Marine  
  123  12:22  Marauder, Marine x5  
  131  12:27  Supply Depot  
  131  12:28  Supply Depot x2  
  131  12:30  Siege Tank  
  134  12:39  Marine x3  
  134  12:40  Marine  
  134  12:43  Marauder  
  136  13:00  Marine x3  
  136  13:01  Marine x3  
  136  13:02  Siege Tank  
  136  13:05  Marauder  
  136  13:18  Marine x3  
  139  13:26  Marauder  
  139  13:27  Medivac x2  
  143  13:28  SCV x3  
  148  13:40  SCV x2  
  148  13:41  SCV  
Show
View Real Time Build Order
Export as new Build Order

Metasapien Zerg 

Build Orders: Pool First 

Get SALT Encoding   

  12  0:01  Drone  
  13  0:17  Overlord  
  13  0:19  Drone  
  14  0:25  Extractor  
  14  0:26  Drone  
  15  0:36  Drone  
  15  0:40  Drone  
  17  0:49  Spawning Pool  
  16  0:52  Drone, Extractor  
  16  1:02  Drone  
  17  1:24  Hatchery  
  16  1:26  Drone x2  
  18  1:38  Queen  
  20  1:43  Drone  
  21  1:52  Overlord  
  21  2:03  Zergling x2  
  22  2:15  Zergling x2  
  23  2:27  Metabolic Boost  
  23  2:31  Overlord  
  23  2:34  Overlord  
  23  2:38  Queen  
  23  2:39  Drone  
  23  2:40  Drone  
  27  2:47  Roach Warren  
  26  2:53  Zergling x4  
  28  3:01  Zergling x4  
  30  3:30  Drone x3  
  31  3:47  Zergling x2  
  28  4:01  Zergling x6  
  31  4:06  Extractor  
  31  4:07  Lair  
  31  4:09  Roach  
  32  4:16  Drone x5  
  32  4:17  Drone  
  38  4:21  Roach  
  40  4:31  Roach  
  40  4:32  Roach x4  
  50  4:43  Drone  
  50  4:44  Overlord, Drone  
  52  4:52  Pneumatized Carapace  
  52  4:56  Extractor  
  51  5:12  Ravager x2  
  51  5:16  Roach  
  51  5:18  Zergling x6  
  51  5:19  Zergling x4  
  58  5:24  Drone  
  59  5:36  Overlord x2  
  59  5:41  Extractor, Overseer  
  58  5:45  Ravager  
  59  6:05  Overlord x2  
  59  6:07  Roach x4  
  59  6:08  Roach x2  
  59  6:09  Drone x3  
  51  6:52  Ravager  
  52  6:54  Roach x2  
  52  6:55  Roach x4  
  64  7:15  Hatchery  
  64  7:19  Ravager x2  
  65  7:28  Hatchery  
  64  7:36  Overlord x2  
  64  7:37  Overlord x2  
  64  7:40  Zergling x4  
  64  7:41  Zergling x8  
  52  8:21  Roach  
  52  8:23  Roach x5  
  52  8:24  Roach  
  63  8:31  Drone  
  64  8:36  Queen x3  
  64  8:38  Ravager  
  53  8:46  Roach x3  
  59  8:51  Hydralisk Den  
  59  8:53  Drone x2, Queen  
  62  8:58  Drone x2  
  64  9:06  Evolution Chamber  
  59  9:11  Drone, Evolution Chamber  
  59  9:12  Overlord, Drone x3  
  59  9:15  Overseer  
  59  9:16  Overseer  
  54  9:33  Spore Crawler  
  54  9:37  Spore Crawler  
  54  9:38  Drone x2  
  54  9:39  Drone x3  
  54  9:41  Drone x2, Spore Crawler  
  54  9:42  Drone x4  
  62  9:47  Zerg Missile Weapons Level 1  
  62  9:56  Roach x3  
  68  10:01  Spine Crawler  
  67  10:11  Glial Reconstitution  
  67  10:13  Hydralisk  
  67  10:14  Hydralisk x4  
  67  10:20  Drone x2  
  79  10:22  Drone x3  
  79  10:26  Drone x3  
  85  10:32  Extractor  
  85  10:33  Extractor  
  85  10:35  Drone x3  
  86  10:38  Extractor  
  86  10:39  Extractor  
  86  10:40  Drone x5  
  89  10:48  Roach, Hydralisk  
  89  10:49  Hydralisk  
  95  11:02  Drone  
  95  11:03  Drone x2  
  98  11:04  Drone x2  
  98  11:05  Drone  
  98  11:06  Drone x3  
  98  11:08  Drone  
  98  11:09  Drone x2  
  107  11:12  Drone x2  
  107  11:13  Drone  
  107  11:17  Overlord x2  
  110  11:31  Roach x2, Hydralisk  
  110  11:32  Roach x3, Hydralisk  
  124  11:36  Overlord x2  
  124  11:47  Zerg Ground Armor Level 1  
  124  11:49  Hydralisk  
  124  11:50  Roach  
  124  11:51  Roach  
  130  11:55  Infestation Pit  
  129  12:06  Nydus Network  
  129  12:07  Burrow  
  128  12:09  Tunneling Claws  
  128  12:18  Hydralisk x2  
  128  12:19  Roach x3  
  128  12:20  Roach x3  
  128  12:21  Roach  
  144  12:33  Infestor  
  144  12:35  Infestor  
  144  12:38  Zergling x12  
  144  12:39  Zergling x8  
  144  12:40  Zergling x2  
  125  13:01  Hydralisk  
  125  13:02  Roach x3, Hydralisk x3  
  125  13:03  Roach x4  
  92  13:13  Roach x3  
  94  13:29  Hydralisk  
  94  13:30  Roach x2, Hydralisk x2  
  94  13:31  Roach x3  
Show
View Real Time Build Order
Export as new Build Order

Kswiss Protoss 

Build Orders: Oracle Opening 

Get SALT Encoding   

  12  0:11  Probe (Chrono Boost)  
  13  0:20  Pylon  
  13  0:22  Probe (Chrono Boost)  
  14  0:32  Probe (Chrono Boost)  
  15  0:43  Probe (Chrono Boost)  
  15  0:46  Forge  
  16  0:53  Gateway  
  16  0:59  Probe (Chrono Boost)  
  16  1:03  Assimilator  
  17  1:09  Probe (Chrono Boost)  
  18  1:20  Probe (Chrono Boost)  
  19  1:30  Probe (Chrono Boost)  
  19  1:32  Pylon  
  20  1:37  Photon Cannon  
  20  1:43  Cybernetics Core  
  20  1:47  Assimilator  
  20  1:49  Probe (Chrono Boost)  
  21  2:26  Stargate  
  21  2:33  Photon Cannon  
  21  2:45  Photon Cannon  
  21  2:48  Probe (Chrono Boost), Photon Cannon  
  22  2:53  Photon Cannon  
  22  2:59  Probe (Chrono Boost)  
  22  3:13  Pylon  
  22  3:14  Oracle (Chrono Boost)  
  25  3:36  Nexus  
  25  3:51  Void Ray (Chrono Boost)  
  29  4:33  Void Ray (Chrono Boost)  
  33  4:41  Stargate  
  33  4:42  Pylon x2  
  33  4:56  Protoss Air Weapons Level 1 (Chrono Boost)  
  33  5:00  Probe  
  34  5:11  Probe  
  32  5:21  Probe  
  33  5:32  Probe  
  34  5:38  Void Ray  
  38  5:42  Probe  
  38  5:44  Photon Cannon  
  38  5:45  Photon Cannon  
  39  5:53  Probe  
  40  6:00  Void Ray  
  40  6:03  Probe  
  45  6:11  Pylon  
  45  6:14  Probe  
  45  6:15  Assimilator  
  46  6:25  Probe  
  47  6:35  Probe  
  47  6:39  Void Ray  
  52  6:46  Probe  
  53  6:56  Probe  
  53  7:00  Assimilator  
  54  7:07  Probe  
  55  7:17  Probe  
  55  7:18  Nexus  
  56  7:28  Probe  
  45  8:11  Void Ray x2  
  53  8:15  Stargate  
  53  8:23  Fleet Beacon, Protoss Shields Level 1 (Chrono Boost)  
  53  8:28  Pylon  
  53  8:31  Pylon  
  53  8:33  Pylon  
  53  8:35  Pylon  
  53  8:59  Stargate  
  45  9:11  Protoss Air Armor Level 1 (Chrono Boost)  
  45  9:16  Probe  
  45  9:19  Probe  
  45  9:22  Assimilator  
  47  9:26  Probe  
  48  9:37  Probe  
  48  9:38  Pylon  
  48  9:41  Assimilator  
  55  9:47  Probe  
  55  9:52  Graviton Catapult  
  50  9:56  Carrier (Chrono Boost)  
  50  9:58  Probe  
  63  10:08  Carrier (Chrono Boost)  
  63  10:14  Probe  
  64  10:25  Probe  
  65  10:34  Carrier (Chrono Boost)  
  71  10:36  Probe  
  72  10:46  Probe  
  72  10:49  Nexus  
  73  10:50  Twilight Council  
  73  10:54  Stargate  
  73  10:57  Probe  
  73  11:02  Protoss Air Weapons Level 2 (Chrono Boost)  
  74  11:13  Carrier (Chrono Boost)  
  74  11:16  Protoss Shields Level 2 (Chrono Boost)  
  80  11:21  Pylon  
  80  11:22  Pylon  
  80  11:28  Pylon  
  80  11:36  Assimilator  
  80  11:38  Probe  
  80  11:46  Carrier  
  87  11:49  Probe  
  87  11:50  Carrier  
  94  11:55  Photon Cannon  
  94  11:57  Photon Cannon  
  94  11:59  Probe, Photon Cannon  
Tags
 
Add a new tag
Caveats
  • Supply blocks, unpowered buildings, or Contaminate may cause inaccurate times.
  • Supply counts are checked every 10 seconds.